 Dungeon Sprint DCSS version 0.28-a0-845-gfc338a8e3c (webtiles) character file.

Game seed: 15048834002956251903

0 kklluuttzz the Grasshopper (level 1, -7/16 HPs)
             Began as a Formicid Warper on Nov 12, 2021.
             Was an Initiate of Sif Muna.
             Killed from afar by Jessica (8 damage)
             ... with a puff of flame
             ... in the Dungeon (Sprint VI: "Thunderdome").
             The game lasted 00:01:34 (81 turns).

kklluuttzz the Grasshopper (Formicid Warper)          Turns: 81, Time: 00:01:35

Health: -7/16      AC:  3    Str: 15    XL:     1   Next: 33%
Magic:  3/3        EV: 11    Int: 12    God:    Sif Muna [......]
Gold:   200        SH:  0    Dex: 10    Spells: 4/4 levels left

rFire   . . .      SeeInvis +   a - +0 spear
rCold   . . .      Faith    .   (no shield)
rNeg    . . .      Spirit   .   b - +0 leather armour
rPois   .          Reflect  .   (helmet unavailable)
rElec   .          Harm     .   (no cloak)
rCorr   .          Rampage  .   (no gloves)
Will    .....                   (no boots)
Stlth   +.........              (no amulet)
HPRegen 0.05/turn               (no ring)
MPRegen 0.08/turn               (no ring)

@: no status effects
A: permanent stasis, dig shafts and tunnels, antennae 3, four strong arms
a: Dig, Renounce Religion


You were in the Dungeon.
You worshipped Sif Muna.
Sif Muna was noncommittal.
You visited 1 branch You collected 200 gold pieces.

Inventory:

Hand Weapons
 a - a +0 spear (weapon)
Missiles
 c - 5 boomerangs of dispersal (quivered)
Armour
 b - a +0 leather armour (worn)
Wands
 g - a wand of acid (5)
 h - a wand of iceblast (5)
Scrolls
 i - 3 scrolls of blinking {unknown}
 j - 3 scrolls of fog
Potions
 d - a potion of curing
 e - 4 potions of heal wounds
 f - 2 potions of magic
 k - 3 potions of haste {unknown}
 l - a potion of resistance


   Skills:
 - Level 2.1 Fighting
 + Level 2.6 Polearms
 - Level 1.0 Throwing
 - Level 1.1 Armour
 - Level 1.7 Dodging
 - Level 2.1 Spellcasting
 - Level 3.1 Translocations


You had 4 spell levels left.
You didn't know any spells.
Your spell library contained the following spells:

 Spells                   Type           Power      Damage    Failure   Level
 Gell's Gravitas          Tloc           8%         N/A       26%         3
 Lesser Beckoning         Tloc           8%         N/A       26%         3
 Teleport Other           Tloc           8%         N/A       26%         3
 Manifold Assault         Tloc           8%         N/A       94%         5
 Blink                    Tloc           Unusable   N/A       N/A         2

Dungeon Overview and Level Annotations

Branches:
Dungeon (1/1)

Altars:
Cheibriados
Dithmenos
Fedhas
Gozag
Kikubaaqudgha
Makhleb
Okawaru
Qazlal
Ru
Sif Muna
Trog
Uskayaw
Vehumet
Wu Jian
Xom
Yredelemnul
Zin
The Shining One
Beogh
Jiyva
Lugonu

Shops:
D *[??*?*:[((!!!!

Annotations:
D Jessica


Innate Abilities, Weirdness & Mutations

You cannot be hasted, slowed, berserked, paralysed or teleported.
You can dig through walls and to a lower floor.
You have a pair of large antennae on your head. (SInv)
Your four strong arms can wield two-handed weapons with a shield.


Message History

The jackal is almost dead.
The jackal barely misses you. x2
Reach: a) +0 spear
Press: ? - help, Dir - move target, f/p - jackal
Aim: a jackal (almost dead, about 47% to evade your +0 spear)
You barely miss the jackal.
The jackal is almost dead.
The jackal bites you.
* * * LOW HITPOINT WARNING * * *
Unknown command.
Reach: a) +0 spear
Press: ? - help, Dir - move target, f/p - jackal
Aim: a jackal (almost dead, about 47% to evade your +0 spear)
You closely miss the jackal.
The jackal is almost dead.
The jackal bites you.
* * * LOW HITPOINT WARNING * * *
The jackal completely misses you.
Unknown command.
Reach: a) +0 spear
Press: ? - help, Dir - move target, f/p - jackal
Aim: a jackal (almost dead, about 47% to evade your +0 spear)
You hit the jackal.
You kill the jackal!
Sif Muna accepts your kill.
Reach: a) +0 spear
Press: ? - help, Dir - move target, f - adder skeleton
Aim: an adder skeleton (about 32% to evade your +0 spear)
You barely miss the adder skeleton.
Jessica the Apprentice Sorceress comes into view.
She is wielding a +0 club and carrying a wand of flame (15).
Jessica shouts!
The adder skeleton bites you.
* * * LOW HITPOINT WARNING * * *
Unknown command.
You barely miss Jessica. The adder skeleton barely misses you.
You hit Jessica.
Jessica is moderately wounded.
Jessica zaps a wand.
The puff of flame hits you!
Ouch! That really hurt!
You die...

##.....## ##∩.....∩##
#∩.......∩# #_......._#
#_......._# #_......._#
###.........###
#@Z..........⌠#
######@8.........8.####
##.___......###......_._
###∩........8.# #.8.......
##.............###.........
#⌠..........###...###......
#⌠..........# #.<.# #......
#⌠..........###...###......
##.............###.........
###∩........8.# #.8.......


You could see Jessica and an adder skeleton.

Vanquished Creatures
  A jackal (D)
  A kobold (D)
2 creatures vanquished.

Notes
Turn   | Place    | Note
-------+----------+-------------------------------------------
     0 | D        | kklluuttzz the Formicid Warper began the quest for the Orb.
     0 | D        | Reached XP level 1. HP: 16/16 MP: 3/3
     1 | D        | Found a corrupted altar of Lugonu.
     1 | D        | Found a snail-covered altar of Cheibriados.
     2 | D        | Found an ornate altar of the Wu Jian Council.
     2 | D        | Found a viscous altar of Jiyva.
     3 | D        | Found a shimmering altar of Xom.
     3 | D        | Found a glowing silver altar of Zin.
     4 | D        | Found a bloodstained altar of Trog.
     4 | D        | Found a radiant altar of Vehumet.
     4 | D        | Found Koroll's Magic Scroll Shop.
     4 | D        | Found Moidghirch's Staff Store.
     5 | D        | Found Rumaino's Magic Scroll Shop.
     5 | D        | Found Mimulit's Must-Have Magic.
     5 | D        | Round 1.
     9 | D        | Found a burning altar of Makhleb.
    13 | D        | Found a blossoming altar of Fedhas.
    14 | D        | Found Xappuakh's Distillery.
    15 | D        | Found Aseubewn's Distillery.
    15 | D        | Found Punu's Bottled Wisdom.
    15 | D        | Found a glowing golden altar of the Shining One.
    15 | D        | Found Oneal's Do-It-Yourself Clinic.
    21 | D        | Found an opulent altar of Gozag.
    22 | D        | Found a basalt altar of Yredelemnul.
    23 | D        | Found a hide-covered altar of Uskayaw.
    24 | D        | Found Yracucze's Weapon Rack.
    25 | D        | Found a sacrificial altar of Ru.
    25 | D        | Found a shadowy altar of Dithmenos.
    25 | D        | Found Ceme's Premium Goods.
    25 | D        | Found Ciletib's Basic Armour.
    25 | D        | Found Erifi's Miscellaneous Merchandise.
    43 | D        | Reached skill level 3 in Translocations
    54 | D        | Found an iron altar of Okawaru.
    56 | D        | Found a stormy altar of Qazlal.
    56 | D        | Found an ancient bone altar of Kikubaaqudgha.
    56 | D        | Found Zuhiptaa's Identification Station.
    56 | D        | Found Keqena Toke's Advanced Armour.
    57 | D        | Found Buodum's Jewellery.
    58 | D        | Found a shimmering blue altar of Sif Muna.
    66 | D        | Became a worshipper of Sif Muna the Loreminder
    79 | D        | Noticed Jessica
    81 | D        | Killed from afar by Jessica

Illustrated notes

Levels and vault maps discovered:
D:        arena_sprint

Skill      XL: |  1 |
---------------+----+-----
Translocations | 3 |  3.1
Fighting       | |  2.1
Polearms       | |  2.6
Throwing       | |  1.0
Armour         | |  1.1
Dodging        | |  1.7
Spellcasting   | |  2.1

Action                   || total
-------------------------++-------
Melee: Spear             ||    21
Armor: Leather armour    ||     1
Dodge: Dodged            ||    10

Table legend: (Time is in decaauts)
 A = Elapsed time spent in this place.
 B = Non-inter-level travel time spent in this place.
 C = Inter-level travel time spent in this place.
 D = Time resting spent in this place.
 E = Time spent auto-exploring this place.
 F = Levels seen in this place.
 G = Mean time per level.
                   A        B        C        D        E       F      G
               +--------+--------+--------+--------+--------+-----+--------+
         Total |     80 |     80 |      0 |      0 |      0 |   1 |   80.0 |
       Dungeon |     80 |     80 |      0 |      0 |      0 |   1 |   80.0 |
               +--------+--------+--------+--------+--------+-----+--------+

Top non-repeatable levels by time:
       D: 80 daAuts
